← All builds
Geo sea / Armada / Economy first / OBSERVED BUILD

Standard geo sea

Armada Geo sea build order · Supreme Isthmus

Shipyard in the cove backed by a bot lab, pushing out early submarines and destroyers to contest the sea while teching up to a geothermal plant around 7:46, the role's bread-and-butter naval contest.

Usually shipyard in the cove (87%)

#naval #eco · 803 distinct matches · 105 players · 80% of Armada Geo sea games · team won 54% of 859 · Recently observed

HOW TO PLAY IT

Key timing: Shipyard by 3:13

  1. Open 3 mex and wind into Bot Lab.
  2. Put up Shipyard with naval turret and BP for defense.
  3. Send out "submarine" then "destroyer" to contest the sea.
  4. Bring geothermal online to fund the fleet.
  5. Add Advanced Metal Extractor as the economy transitions.

Phase by phase

TYPICAL OF ITS 803 GAMES
  1. 1
  2. 2
  3. 3
  4. 4
PLAY THE OPENING

Follow the example game's first 6:00 step by step: what to build now, what comes next, and where it goes. At 1× it keeps pace with your own game.

  1. 1

    Up to the Bot Lab

    Economy
    • Metal Extractor3Mex
    • Wind Turbine3Wind
    Order
    1. Bot LabBot Lab after 3 mex, 3 winddone ~1:12, middle half 1:06–1:17

    Some games also: wind for allies (43%)

    By 0:55 in all: 3 mex · 3 wind

    The example game in this phase · 3 steps
    1. Mex ×3
    2. Wind ×4
    3. Bot LabBot Labdone 1:11 · typical 1:12
  2. 2

    Bot Lab to Shipyard

    Economy
    • Metal Extractor1Mex
    • Wind Turbine1Wind
    Order
    1. ShipyardShipyard after 4 mex, 4 winddone ~3:11, middle half 2:50–3:37
    Builders
    • Construction Bot3 Con bot
    • Lazarus2 Lazarus

    Some games also: pawn (44%) · con turret (38%) · crossbow (36%)

    By 2:48 in all: 4 mex · 4 wind

    The example game in this phase · 21 steps
    1. Construction BotCon bot
    2. LazarusLazarus
    3. Construction BotCon bot
    4. Mex
    5. Construction BotCon bot ×2
    6. Mex
    7. Wind
    8. PawnPawn
    9. Con turret
    10. Mex
    11. Wind
    12. CrossbowCrossbow
    13. SentrySentry ×2
    14. CrossbowCrossbow
    15. Wind
    16. NettleNettle
    17. AnemoneAnemone
    18. Wind ×2
    19. Radar TowerRadar Tower ×2
    20. Wind
    21. ShipyardShipyarddone 4:04 · typical 3:11
  3. 3

    Shipyard to 5:00

    Economy
    • Metal Extractor4Mex
    • Wind Turbine1Wind
    Builders
    • Construction Ship1 Con ship
    Army
    • Dolphin3 Dolphin
    • Skater1 Skater
    Other
    • Radar Tower1 Radar Tower

    Some games also: destroyer (50%) · submarine (44%) · Sentry (43%) · converter (33%) · pawn (31%)

    By 5:00 in all: 8 mex · 7 wind · 1 energy storage · 1 con turret

    The example game in this phase · 12 steps
    1. Wind
    2. Construction ShipCon ship
    3. Wind
    4. EelSubmarinedone 4:26 · typical 4:22
    5. Wind
    6. Mex
    7. SkaterSkater
    8. Energy storage
    9. CorsairDestroyerdone 4:57 · typical 5:36
    10. Mex
    11. Converter ×2
    12. CorsairDestroyer
  4. 4

    5:00 to 10:00

    Economy
    • Metal Extractor2Mex
    • Wind Turbine12Wind
    • Energy Converter2Converter
    Builders
    • Construction Turret1 Con turret
    • Grim Reaper2 Grim Reaper
    • Construction Ship1 Con ship
    Army
    • Sentry1 Sentry
    • Dolphin4 Dolphin
    • Skater2 Skater
    • Corsair2 Destroyer

    Some games also: Radar Tower (48%) · Harpoon (40%) · geo (40%) · frigate (38%) · Naval Construction Turret (33%)

    By 10:00 in all: 11 mex · 19 wind · 1 geo · 4 converter · 1 energy storage · 2 con turret

    The example game in this phase · 124 steps
    1. HarpoonHarpoon
    2. Converter
    3. CorsairDestroyer
    4. Mex
    5. Geothermal PowerplantGeodone 7:58 · typical 7:46
    6. Construction ShipCon ship
    7. Grim ReaperGrim Reaper ×3
    8. CorsairDestroyer
    9. SentrySentry
    10. Shark's TeethShark's Teeth
    11. Converter
    12. Shark's TeethShark's Teeth ×3
    13. Advanced Metal ExtractorT2 mexdone 9:18 · typical 9:19
    14. Shark's TeethShark's Teeth
    15. CorsairDestroyer
    16. Converter
    17. Shark's TeethShark's Teeth ×4
    18. Converter ×2
    19. Shark's TeethShark's Teeth ×2
    20. Advanced Metal ExtractorT2 mex
    21. Shark's TeethShark's Teeth
    22. Converter
    23. Shark's TeethShark's Teeth ×4
    24. Converter
    25. Shark's TeethShark's Teeth ×2
    26. CorsairDestroyer
    27. Advanced Metal ExtractorT2 mex
    28. HarpoonHarpoon
    29. SkaterSkater
    30. Naval Construction Turret
    31. CorsairDestroyer
    32. Advanced Metal ExtractorT2 mex
    33. Naval Construction Turret
    34. Con turret ×3
    35. CorsairDestroyer
    36. Naval Construction Turret ×2
    37. Advanced Metal ExtractorT2 mex
    38. Tidal ×2
    39. CorsairDestroyer
    40. Tidal ×2
    41. Con turret
    42. Tidal
    43. Con turret ×3
    44. Tidal
    45. HarpoonHarpoon
    46. Advanced Metal ExtractorT2 mex
    47. Tidal
    48. Grim ReaperGrim Reaper
    49. Tidal
    50. Wind ×4
    51. SkaterSkater
    52. Wind ×3
    53. Tidal
    54. SkaterSkater
    55. Wind ×2
    56. Tidal
    57. Con turret
    58. Wind ×2
    59. Grim ReaperGrim Reaper
    60. Converter
    61. Tidal
    62. Converter
    63. Wind
    64. Tidal
    65. Wind ×2
    66. Tidal
    67. Wind
    68. Converter
    69. Wind
    70. CorsairDestroyer
    71. Tidal
    72. Grim ReaperGrim Reaper
    73. Wind ×3
    74. Tidal
    75. Wind ×3
    76. Converter ×2
    77. Tidal
    78. SkaterSkater
    79. Wind
    80. Tidal
    81. Wind ×3
    82. SkaterSkater
    83. BeamerBeamer
    84. Tidal
    85. Wind
    86. Converter
    87. Wind ×2
    88. Tidal
    89. Grim ReaperGrim Reaper
    90. Wind
    91. Tidal
    92. Wind ×3
    93. Converter
    94. Wind
    95. Converter
    96. Advanced Geothermal PowerplantAdvanced Geothermal Powerplantnot finished by 15:00
    97. Grim ReaperGrim Reaper
    98. Tidal
    99. BeamerBeamer
    100. Wind ×6
    101. Converter
    102. SkaterSkater
    103. Wind ×2
    104. Naval Construction Turret
    105. Grim ReaperGrim Reaper
    106. Wind
    107. Converter ×2
    108. Wind ×3
    109. BeamerBeamer
    110. Naval Construction Turret
    111. Wind ×4
    112. Converter
    113. Wind
    114. SkaterSkater
    115. Wind ×2
    116. Naval Construction Turret
    117. Converter
    118. Wind
    119. Advanced ShipyardAdvanced Shipyardnot finished by 15:00
    120. Wind
    121. BeamerBeamer
    122. Wind
    123. Converter
    124. Wind

Counts are medians over the build's games: half of them build more, half fewer. The example game is _X_'s (42 OS, 04/10/2026); pick another.

Team trades

IN AT LEAST 30% OF ITS GAMES

You hand over

  • Wind Turbine2 Wind to Air or Techfirst at 1:41 · in 60% of games

You get

  • Finch1 Finch from Airfirst at 1:51 · in 73% of games
  • Hercules1 Light transport from Airfirst at 2:05 · in 61% of games
  • Advanced Construction Bot1 T2 con bot from Techfirst at 7:42 · in 89% of games

How it plays out

Typical game of this build, running totals by minute

Metal produced

010k20k30k
0:005:0010:0015:00

metal

Enemy metal destroyed

05k10k
0:005:0010:0015:00

metal

Own metal lost

02.5k5k7.5k
0:005:0010:0015:00

metal

859 games.

Show as table
ByMetal produced: This buildEnemy metal destroyed: This buildOwn metal lost: This build
1:0039500
2:0092800
3:00160600
4:002902050
5:00414218160
6:005551546300
7:0071071003622
8:00873617131011
9:001061624701665
10:001290533572248
11:001549945763166
12:001850357073963
13:002176468664834
14:002543779055686
15:002895489996664
WHAT THE NUMBERS SAY

Standard Armada geo sea nearly matches Cortex's economy numbers but wins slightly more often at 53%.

  • + Metal produced reaches 28785 by 15:00, the highest of the sea builds
  • + Own metal lost of 6895 stays well under enemy metal destroyed's 9048
  • − Geothermal only lands in 58% of games by 7:34
  • − T2 factory completes in only 40% of games by 12:43
THE EXAMPLE YOU ARE READING

_X_

42.4 OS · 04/10/2026

Open source match ↗

3 received units · includes a constructor
162 metal received · 33889 energy received

Allied construction assistance is unknown. Timings are observations, not a promise of solo reproducibility.

Typical milestones

Bot Lab1:12Middle 50%: 1:06–1:17 · n=825
Shipyard3:11Middle 50%: 2:50–3:37 · n=848
Eel4:22Middle 50%: 3:41–5:34 · n=505
Corsair5:36Middle 50%: 4:52–6:35 · n=796
Geothermal Powerplant7:46Middle 50%: 6:51–9:14 · n=521
Advanced Metal Extractor9:19Middle 50%: 8:37–10:06 · n=748

Played most by

_X_78games of this buildOptimusprimenutt52games of this buildKingBenjai50games of this buildWashedGamuer49games of this buildRexalidus38games of this build
Standard geo sea · Armada Geo sea build order · BAR Build Atlas